 Dungeon Crawl Stone Soup version 0.32-a0-975-g85d4e5bfdb (webtiles) character file.

Game seed: 13913494222136690795

636658 Konar the Slayer (level 27, -5/243 HPs)
             Began as a Coglin Hunter on Apr 18, 2024.
             Was a High Priest of Jiyva.
             Slain by a protean progenitor (39 damage)
             ... on level 4 of the Realm of Zot.
             The game lasted 01:26:16 (59770 turns).

Konar the Slayer (Coglin Hunter)                   Turns: 59770, Time: 01:26:17

Health: -5/243     AC: 10    Str: 11    XL:     27
Magic:  30/30      EV: 47    Int: 15    God:    Jiyva [*****.]
Gold:   7013       SH:  0    Dex: 33    Spells: 26/26 levels left

rFire   + . .        M - +4 hand cannon of the Jester {speed, rPois Will+ Str+3}
rCold   + + +        C - +7 hand cannon "Mule" {flame, backblast, rF+}
rNeg    . . .        F - +0 robe of Autotheism {Dex+4}
rPois   +            r - +1 helmet of the Gloaming {Dex+2}
rElec   +            D - +2 cloak
rCorr   +            L - +0 pair of gloves of the Farmer {*Slow rC+++ Will++ Str-4}
SInv    .            d - +2 pair of slick slippers {slick, slippery, EV+4}
Will    +++++        (amulet unavailable)
Stlth   +++          (ring unavailable)
HPRegen 2.04/turn    (ring unavailable)
MPRegen 0.94/turn    G - geosamoflange Ver.38 {AutoDazzle, rElec rPois rCorr}

%: slow self (1%)
@: about to teleport, hasted, studying Staves, revved, very quick
A: off-hand wielding, slow wielding, warmup strikes, no jewellery, clever 1,
evolution 2, tendrils, jelly absorbing missiles, sturdy frame 3
}: 4/15 runes: serpentine, barnacled, silver, abyssal
a: Renounce Religion, Oozemancy, Slimify


You were on level 4 of the Realm of Zot.
You worshipped Jiyva.
Jiyva was extremely pleased with you.
You visited 11 branches of the dungeon, and saw 50 of its levels.
You visited the Abyss 1 time.
You visited 1 bazaar.
You also visited: Sewer, Gauntlet and Ice Cave.

You collected 10275 gold pieces.
You spent 3262 gold pieces at shops.

Inventory:

Hand Weapons
 C - the +7 hand cannon "Mule" (offhand) {flame, backblast, rF+}
   (You acquired it on level 5 of the Dungeon)

   rF+:       It protects you from fire.
 K - the +6 hand cannon "Acodezoc" {penet, *Corrode rC+ Int+5}
   (Okawaru gifted it to you on level 1 of the Lair of Beasts)

   Int+5:     It affects your intelligence (+5).
   rC+:       It protects you from cold.
   *Corrode:  It may corrode you when you take damage.
 M - the +4 hand cannon of the Jester (weapon) {speed, rPois Will+ Str+3}
   (You acquired it in a Gauntlet)

   Str+3:     It affects your strength (+3).
   rPois:     It protects you from poison.
   Will+:     It increases your willpower.
Armour
 c - the +2 pair of gloves of a wizard's laboratory {rF+ Dex+4}
   (You acquired it on level 3 of the Shoals)

   Dex+4:     It affects your dexterity (+4).
   rF+:       It protects you from fire.
 d - the +2 pair of slick slippers (worn) {slick, slippery, EV+4}
   (You found it on level 13 of the Dungeon)

   Slick:     Its wearer cannot be constricted, engulfed, netted, webbed, or
   stopped by binding sigils.
   Slippery:  Its wearer slips away from damaging melee attacks, pulling the
   attacker onward.
   EV+4:      It affects your evasion (+4).
 r - the +1 helmet of the Gloaming (worn) {Dex+2}
   (You acquired it on level 3 of the Shoals)

   Dex+2:     It affects your dexterity (+2).
 v - a +2 helmet of see invisible
 D - a +2 cloak (worn)
 F - the +0 robe of Autotheism (worn) {Dex+4}
   (You took it off a naga warrior on level 4 of the Snake Pit)

   Dex+4:     It affects your dexterity (+4).
 L - the +0 pair of gloves of the Farmer (worn) {*Slow rC+++ Will++ Str-4}
   (Okawaru gifted it to you on level 1 of the Lair of Beasts)

   Str-4:     It affects your strength (-4).
   rC+++:     It renders you almost immune to cold.
   Will++:    It greatly increases your willpower.
   *Slow:     It may slow you when you take damage.
 P - the +1 cloak of Makhleb, Telling {rElec rF+ Will- Str+3}
   (You found it on level 5 of the Vaults)

   Str+3:     It affects your strength (+3).
   rF+:       It protects you from fire.
   rElec:     It insulates you from electricity.
   Will-:     It decreases your willpower.
 T - a +2 robe of resistance
Gizmo
 G - a geosamoflange Ver.38 (installed) {AutoDazzle, rElec rPois rCorr}
   (You invented it yourself on level 2 of the Lair of Beasts)

   [geosamoflange Ver.38]

   AutoDazzle: It sometimes fires a blinding ray at enemies whose attacks you
   dodge.
   rElec:     It insulates you from electricity.
   rPois:     It protects you from poison.
   rCorr:     It protects you from acid and corrosion.
Talismans
 z - a granite talisman
Wands
 b - a wand of polymorph (5)
 t - a wand of digging (11)
 w - a wand of paralysis (81)
 y - a wand of acid (44)
 A - a wand of warping (46)
Scrolls
 f - 5 scrolls of vulnerability
 h - 4 scrolls of immolation
 j - 10 scrolls of noise
 o - 9 scrolls of teleportation
 B - 8 scrolls of amnesia
 E - 11 scrolls of fear
 I - 7 scrolls of fog
 J - 38 scrolls of identify
 O - 3 scrolls of summoning
 R - 3 scrolls of torment
 U - 4 scrolls of silence
 V - 7 scrolls of poison
 X - 7 scrolls of revelation
Potions
 a - 10 potions of heal wounds
 e - 7 potions of lignification
 g - 17 potions of enlightenment
 i - 9 potions of curing
 k - 12 potions of might
 n - 3 potions of berserk rage
 p - 3 potions of ambrosia
 s - 3 potions of haste
 u - 12 potions of mutation
 N - 2 potions of magic
 Q - 6 potions of attraction
 W - 3 potions of cancellation
 Y - 8 potions of resistance
Miscellaneous
 l - a lightning rod (4/4)
 q - a Gell's gravitambourine (2/2)
 x - a box of beasts
 H - a phantom mirror


   Skills:
 * Level 25.6 Fighting
 - Level 22.0 Ranged Weapons
 * Level 25.0 Dodging
 - Level 0.7 Stealth
 - Level 10.0 Invocations
 - Level 17.2 Evocations
 + Level 13.9 Shapeshifting


You had 26 spell levels left.
You didn't know any spells.
Your spell library contained the following spells:

 Spells                   Type           Power      Damage    Failure   Level
 Apportation              Tloc           0%         N/A       26%         1
 Foxfire                  Conj/Fire      0%         2x1d4     26%         1
 Freeze                   Ice            0%         1d3       26%         1
 Magic Dart               Conj           0%         1d3       26%         1
 Necrotise                Necr           0%         1d4       26%         1
 Shock                    Conj/Air       0%         1d3       26%         1
 Slow                     Hex            0%         N/A       26%         1
 Sting                    Conj/Alch      0%         1d3       26%         1
 Summon Small Mammal      Summ           0%         N/A       26%         1
 Mercury Vapours          Alch/Air       0%         N/A       38%         2
 Scorch                   Fire           0%         2d5       38%         2
 Searing Ray              Conj           0%         2d4       38%         2
 Static Discharge         Conj/Air       0%         3-3/arc   38%         2
 Sublimation of Blood     Necr           0%         N/A       38%         2
 Confusing Touch          Hex            0%         N/A       63%         3
 Dazzling Flash           Conj/Hex       0%         N/A       63%         3
 Frozen Ramparts          Ice            0%         1d1       63%         3
 Fugue of the Fallen      Necr           0%         N/A       63%         3
 Hailstorm                Conj/Ice       0%         3d5       63%         3
 Inner Flame              Hex/Fire       0%         N/A       63%         3
 Maxwell's Portable Pile  Tloc           0%         2d(5-13)  63%         3
 Mephitic Cloud           Conj/Alch/Air  0%         N/A       63%         3
 Ozocubu's Armour         Ice            0%         N/A       63%         3
 Sigil of Binding         Hex            0%         N/A       63%         3
 Stone Arrow              Conj/Erth      0%         3d7       63%         3
 Summon Ice Beast         Ice/Summ       0%         N/A       63%         3
 Swiftness                Air            0%         N/A       63%         3
 Tukima's Dance           Hex            0%         N/A       63%         3
 Vampiric Draining        Necr           0%         2d6       63%         3
 Airstrike                Air            0%         2d(0-16)  95%         4
 Anguish                  Hex/Necr       0%         N/A       95%         4
 Animate Armour           Summ/Erth      0%         N/A       95%         4
 Brom's Barrelling Bould  Conj/Erth      0%         2d3       95%         4
 Cause Fear               Hex            0%         N/A       95%         4
 Dimensional Bullseye     Hex/Tloc       0%         N/A       95%         4
 Flame Wave               Conj/Fire      0%         2d4       95%         4
 Fulminant Prism          Conj/Alch      0%         3d5       95%         4
 Iskenderun's Mystic Bla Conj/Tloc 0%             2d3        (+2d1     95%         4
 Leda's Liquefaction      Alch/Erth      0%         N/A       95%         4
 Olgreb's Toxic Radiance  Alch           0%         N/A       95%         4
 Passage of Golubria      Tloc           0%         N/A       95%         4
 Petrify                  Alch/Erth      0%         N/A       95%         4
 Sticky Flame             Fire/Alch      0%         2d4       95%         4
 Summon Lightning Spire   Summ/Air       0%         N/A       95%         4
 Arcjolt                  Conj/Air       0%         1d10      100%        5
 Fireball                 Conj/Fire      0%         3d3       100%        5
 Freezing Cloud           Conj/Ice/Air   0%         6-21      100%        5
 Irradiate                Conj/Alch      0%         3d11      100%        5
 Iskenderun's Battlesphe  Conj           0%         2d6       100%        5
 Lee's Rapid Deconstruct  Erth           0%         3d4*      100%        5
 Metabolic Englaciation   Hex/Ice        0%         N/A       100%        5
 Silence                  Hex/Air        0%         N/A       100%        5
 Summon Forest            Summ/Tloc      0%         N/A       100%        5
 Yara's Violent Unravell  Hex/Alch       0%         3d3       100%        5
 Conjure Ball Lightning   Conj/Air       0%         3x3d6     100%        6
 Death Channel            Necr           0%         N/A       100%        6
 Eringya's Noxious Bog    Alch           0%         4d6       100%        6
 Permafrost Eruption      Ice/Erth       0%         2x4d1     100%        6
 Plasma Beam              Fire/Air       0%         2x1d10    100%        6
 Sculpt Simulacrum        Ice/Alch       0%         N/A       100%        6
 Starburst                Conj/Fire      0%         6d3       100%        6
 Summon Cactus Giant      Summ           0%         N/A       100%        6
 Enfeeble                 Hex            0%         N/A       100%        7
 Haunt                    Necr/Summ      0%         N/A       100%        7
 Magnavolt                Erth/Air       0%         3d9       100%        7
 Manifold Assault         Tloc           0%         N/A       100%        7
 Orb of Destruction       Conj           0%         9d5       100%        7
 Ozocubu's Refrigeration  Ice            0%         4d7       100%        7
 Rimeblight               Ice/Necr       0%         2d3       (prima100%   7
 Seismic Cannonade        Alch/Erth      0%         6d4       100%        7
 Spellforged Servitor     Conj/Summ      0%         N/A       100%        7
 Summon Hydra             Summ           0%         N/A       100%        7
 Borgnjor's Revivificati  Necr           0%         N/A       100%        8
 Discord                  Hex            0%         N/A       100%        8
 Disjunction              Tloc           0%         N/A       100%        8
 Fulsome Fusillade        Conj/Alch      0%         (3-5)d4   100%        8
 Ignition                 Fire           0%         3d3       100%        8
 Lehudib's Crystal Spear  Conj/Erth      0%         10d2      100%        8
 Maxwell's Capacitive Co  Air            0%         ∞         100%        8
 Death's Door             Necr           0%         N/A       100%        9
 Fire Storm               Conj/Fire      0%         5d1       100%        9
 Polar Vortex             Ice            0%         N/A       100%        9


Dungeon Overview and Level Annotations

Branches:
Dungeon (15/15)            Temple (1/1) D:5            Lair (5/5) D:10
 Shoals (4/4) Lair:2        Snake (4/4) Lair:2        Slime (0/5) Lair:4
    Orc (2/2) D:10            Elf (3/3) Orc:2        Vaults (5/5) D:14
  Crypt (3/3) Vaults:2       Tomb (0/3) Crypt:3      Depths (4/4) D:15
    Zot (4/5) Depths:4      Sewer (visited)           IceCv (visited)
Gauntlet (visited)

Altars:
Ashenzari
Cheibriados
Dithmenos
Elyvilon
Fedhas
Gozag
Hepliaklqana
Kikubaaqudgha
Makhleb
Nemelex Xobeh
Okawaru
Qazlal
Ru
Sif Muna
Trog
Uskayaw
Vehumet
Wu Jian
Xom
Yredelemnul
Zin
The Shining One
Beogh
Jiyva

Shops:
D:1 [   D:3 :   Orc:2 ?=!(   Elf:1 (   Elf:2 *   Shoals:2 !   Shoals:3 **
Snake:2 =:=   Vaults:2 ([   Vaults:5 *   Depths:1 [   Depths:4 *(

Portals:
Hell: Lair:5 Depths:1 Depths:2 Depths:3 Depths:4
Abyss: Depths:2 Depths:3
Pandemonium: Depths:2
Ziggurat: Depths:1
Trove: D:15 (show slimy rune of Zot)

Annotations:
Lair:1 3 runed translucent doors, Gladio's ghost, journeyman DsFi
Lair:3 2 transporters, Mustrin's ghost, adept OpCA
Depths:3 3 runed translucent doors


Innate Abilities, Weirdness & Mutations

You can wield a second weapon in your off-hand.
It takes a long time for you to wield or remove held weapons.
Your first few attacks do less damage.
You cannot equip rings or amulets.
Your mind is acute. (Int +4, Str/Dex -1)
You have great hidden genetic potential.
You are covered in slimy tendrils that may disarm your opponents.
You have a small jelly attached to you that may absorb projectiles.
Your movements are significantly less encumbered by armour. (ER -6)


Message History

The grey draconian monk tail-slaps you but does no damage.
The grey draconian monk misses you.
You see here a +0 war axe.
You shoot a slug. The slug hits the deathcap!!
The slug burns the deathcap.
The deathcap is heavily damaged.
You shoot a slug. The slug hits the deathcap!!
The deathcap is almost destroyed.
The boulder beetle closely misses you. The boulder beetle misses you.
The curse toe fails to trigger a net trap.
The protean progenitor completely misses you.
The grey draconian completely misses you. x2
The grey draconian monk completely misses you. x3
The grey draconian monk barely misses you.
As you read the scroll of teleportation, it crumbles to dust.
You feel strangely unstable.
You feel the Orb delaying your translocation!
The boulder beetle is no longer blind.
The boulder beetle completely misses you.
The boulder beetle misses you. The deathcap releases spores at you!
* * * LOW HITPOINT WARNING * * *
You are engulfed in a cloud of dizzying spores!
The wandering mushroom completely misses you.
The protean progenitor completely misses you.
The boulder beetle bites you!!
* * * LOW HITPOINT WARNING * * *
The boulder beetle completely misses you.
The grey draconian misses you. The grey draconian tail-slaps you.
* * * LOW HITPOINT WARNING * * *
The grey draconian monk hits you!
* * * LOW HITPOINT WARNING * * *
The grey draconian monk completely misses you. x2
The grey draconian monk tail-slaps you.
* * * LOW HITPOINT WARNING * * *
You feel yourself speed up.
The protean progenitor is no longer blind.
The wandering mushroom completely misses you.
The deathcap releases spores at you but does no damage.
The boulder beetle closely misses you. The protean progenitor gores you!!!
You die...
Jiyva sends a jelly to digest your remains.

##+++# #####
###≈...§ ##...##
##§......
##qB^..####≈.......
+f@C..z○°....d.....
+Bdf<..^ß.≈°....<.C
+^....^^..........z
##..^..####≈.......
##...## ##≈......
##### ###≈...≈
###≈## ###


You could see a grey draconian monk, a grey draconian, a curse toe, a protean
progenitor, 2 boulder beetles, a deathcap (summoned) and a wandering mushroom
(summoned).

Vanquished Creatures
  Frederick (Depths:3)
  2 dread liches
  2 ancient liches
  Mara (Snake:4)
  Mennas (Vaults:3)
  3 juggernauts
  Xtahua (Vaults:3)
  Sojobo (Vaults:3)
  Parghit (Depths:4)
  A Killer Klown (Zot:3)
  A golden dragon (Vaults:5)
  The ghost of Gathuos the Earth Mage, an adept OpEE of Vehumet (Crypt:1)
  Norris (Elf:2)
  2 bone dragons
  3 electric golems
  Rupert (Orc:2)
  A walking crystal tome (Depths:1)
  A shard shrike skeleton (Crypt:3)
  13 tentacled monstrosities
  6 liches
  10 deep elf master archers
  7 deep elf blademasters
  2 walking earthen tomes (Depths:4)
  10 sphinxes
  10 titans
  An Executioner (Abyss:3)
  2 walking frostbound tomes (Depths:4)
  A quicksilver dragon (Depths:3)
  Gastronok (D:11)
  13 death cobs
  2 ancient champions (Crypt:2)
  3 tentacled starspawn
  Roxanne (D:15)
  7 tengu reavers
  7 shadow dragons
  A thorn hunter (Abyss:3)
  11 storm dragons
  4 revenants
  2 protean progenitors (Zot:4)
  Ilsuiw (Shoals:3)
  Aizul (Elf:3)
  6 draconian knights
  7 draconian monks
  An iron dragon (Depths:4)
  2 draconian shifters
  13 nagarajas
  26 fire giants
  4 deep elf elementalists (Elf:3)
  6 deep elf sorcerers
  23 frost giants
  4 draconian scorchers
  16 vault wardens
  A ghost moth (Zot:3)
  2 balrugs
  A curse skull (Crypt:3)
  5 draconian stormcallers
  5 formless jellyfish
  9 draconian annihilators
  14 ironbound preservers
  5 spriggan defenders
  17 very ugly things
  25 stone giants
  12 deep elf annihilators
  5 orc warlords
  3 ironbound thunderhulks
  9 black draconians
  6 dire elephants
  11 deep elf demonologists
  11 red draconians
  9 deep elf death magi
  7 green draconians
  4 grey draconians (Zot:4)
  6 yellow draconians
  9 vampire knights
  A rockslime zombie (Crypt:2)
  7 war gargoyles
  2 minotaurs
  9 purple draconians
  8 white draconians
  9 spark wasps
  Snorg (Lair:3)
  3 eidola
  2 merfolk javelineers
  9 fire dragons
  7 ettins
  A crystal guardian (Vaults:3)
  4 deep elf high priests
  10 yaktaur captains
  Josephine (D:14)
  The ghost of Pim the Summoner, a journeyman OpSu of Gozag (Orc:1)
  8 merfolk impalers
  6 jiangshi
  38 vault guards
  5 great orbs of eyes
  A hell beast (Depths:2)
  7 entropy weavers
  A rakshasa (Depths:2)
  12 ice dragons
  2 salamander tyrants
  3 hydras
  3 peacekeepers
  A catoblepas (Lair:5)
  4 ogre magi
  5 spriggan air magi
  9 anacondas
  13 two-headed ogres
  11 centaur warriors
  A spriggan skeleton (Crypt:3)
  4 merfolk avatars
  43 dancing weapons
  2 merfolk aquamancers
  5 ironbound frosthearts
  3 alligators (Shoals:3)
  8 boulder beetles
  A death knight (Crypt:2)
  A sphinx skeleton (D:15)
  6 deep troll shamans
  12 satyrs
  6 tengu warriors
  5 deep troll earth magi
  5 death yaks (IceCv)
  9 naga sharpshooters
  20 naga warriors
  7 vampire magi
  10 shock serpents
  7 orc high priests
  A spriggan berserker (Depths:4)
  An occultist (Lair:5)
  23 hell knights
  A soul eater (Crypt:1)
  4 thrashing horrors (Abyss:3)
  22 deep elf knights
  An emperor scorpion zombie (Crypt:2)
  2 sun demons
  6 skysharks
  3 iron trolls
  2 shadow wraiths
  3 salamander mystics
  3 sixfirhies
  3 wretched stars (Abyss:3)
  32 skeletal warriors
  A skyshark (shapeshifter) (Abyss:3)
  A death drake (shapeshifter) (Vaults:2)
  A storm dragon skeleton (Crypt:2)
  7 glowing orange brains
  A spark wasp zombie (D:15)
  15 sea snakes
  12 flayed ghosts
  22 deep elf archers
  2 orb spiders (shapeshifter)
  18 mana vipers
  13 lindwurms
  A spriggan simulacrum (Crypt:2)
  7 arcanists
  A sun moth (shapeshifter) (Depths:3)
  50 deep trolls
  Pikel (D:4)
  27 ironbound convokers
  2 anaconda skeletons (Crypt:3)
  56 harpies
  9 naga ritualists
  40 deep elf zephyrmancers
  An oklob plant (Lair:2)
  17 necromancers
  6 orc sorcerers
  2 obsidian bats (Orc:2)
  12 starcursed masses
  7 thermic dynamos
  15 orc knights
  22 phantasmal warriors
  32 deep elf pyromancers
  A shadow dragon skeleton (Crypt:3)
  16 fauns
  33 ugly things
  24 manticores
  3 worldbinders (Abyss:3)
  A salamander (shapeshifter) (Abyss:1)
  22 elephants
  13 merfolk sirens
  17 moths of wrath
  13 salamanders
  4 cyclopes
  7 kobold blastminers
  3 meliai (D:13)
  41 black mambas
  A fire giant skeleton (Crypt:1)
  A rust devil (Gauntlet)
  5 smoke demons
  A fire giant zombie (Crypt:1)
  3 water nymphs
  4 apocalypse crabs
  13 guardian serpents
  20 naga magi
  An ice statue (IceCv)
  5 gargoyles
  16 vault sentinels
  7 large abominations
  12 rime drakes
  A centaur skeleton (Crypt:3)
  3 orange demons
  A swamp worm zombie (Crypt:1)
  A dire elephant skeleton (Crypt:2)
  14 cane toads
  4 torpor snails
  22 yaktaurs
  8 komodo dragons
  3 tengu conjurers
  2 efreet (Abyss:3)
  3 ice devils
  2 freezing wraiths
  2 red devils (Lair:5)
  2 ancient zymes
  9 trolls
  3 guardian mummies (Crypt:3)
  28 merfolk
  6 polar bears
  A hellwing (Abyss:3)
  A tarantella (shapeshifter) (Vaults:5)
  2 wind drakes
  7 glass eyes
  2 raiju
  3 harpy skeletons
  A tarantella (Vaults:4)
  12 snapping turtles
  22 blink frogs
  A fire dragon zombie (Crypt:2)
  2 spriggan zombies
  A blink frog (shapeshifter) (D:15)
  4 hornets
  16 dream sheep
  3 fire dragon skeletons (Crypt:3)
  3 air elementals
  A ynoxinul (Gauntlet)
  37 slime creatures
  An ice dragon skeleton (Crypt:1)
  16 wraiths
  6 wyverns
  28 water elementals
  8 shadows
  An ushabti (Crypt:3)
  3 fire elementals
  83 yaks
  A chaos spawn (Abyss:3)
  5 basilisks
  A neqoxec (Abyss:1)
  2 wargs
  10 redbacks
  A steam dragon (D:10)
  17 vampire mosquitoes
  5 small abominations
  39 nagas
  An acid dragon (shapeshifter) (D:10)
  A cane toad zombie (Crypt:2)
  11 water moccasins
  6 hell hounds
  Duvessa (D:4)
  46 orc warriors
  An ice beast (D:6)
  4 black bears
  An elf simulacrum (Vaults:1)
  39 laughing skulls
  An ice dragon simulacrum (Crypt:2)
  11 ogres
  22 wolves
  A wolf (shapeshifter) (Depths:3)
  8 centaurs
  2 lemures (D:5)
  A weeping skull (Abyss:3)
  5 elf zombies (Elf:1)
  A salamander zombie (Crypt:2)
  2 brain worms (Sewer)
  4 kobold brigands (Sewer)
  14 bullfrogs
  A gnoll sergeant (D:7)
  2 scorpions
  3 earth elementals (Elf:1)
  17 wights
  Dowan (D:4)
  15 killer bees
  3 howler monkeys
  4 electric eels
  6 bombardier beetles
  6 jellies
  29 orc priests
  5 hounds
  Crazy Yiuf (D:6)
  2 gnoll boudas
  4 sleepcaps
  A bullfrog skeleton (Crypt:2)
  2 iron imps (Gauntlet)
  Jessica (D:2)
  An iguana (D:6)
  25 orc wizards
  An ogre skeleton (Crypt:2)
  A hound zombie (Crypt:1)
  6 mummies (Crypt:3)
  15 gnolls
  14 adders
  7 river rats
  13 white imps
  2 ufetubi
  A jelly zombie (Crypt:1)
  An adder skeleton (Crypt:1)
  A lava snake skeleton (Crypt:1)
  7 ribbon worms
  A dart slug (D:2)
  80 orcs
  7 bats
  15 endoplasms
  A giant cockroach (D:3)
  2 goblins (D:2)
  3 hobgoblins
  7 jackals
  4 quokkas
  4 ball pythons
  4 frilled lizards
  12 kobolds
  9 rats
  A butterfly (Lair:4)
  2 lurking horrors (Abyss:3)
  2 starspawn tentacles
2574 creatures vanquished.

Vanquished Creatures (others)
  A tengu reaver (Vaults:5)
  A draconian monk (Zot:1)
  A merfolk impaler (Shoals:3)
  A deep elf high priest (Elf:3)
  A vault guard (Vaults:5)
  An ogre mage (Vaults:5)
  2 deep elf knights (Zot:2)
  A large abomination (Elf:1)
  A deep elf pyromancer (Zot:2)
  2 yaktaurs
  35 jellies
  4 starspawn tentacles
51 creatures vanquished.

Grand Total: 2625 creatures vanquished

Notes
Turn   | Place    | Note
-------+----------+-------------------------------------------
     0 | D:1      | Konar the Coglin Hunter began the quest for the Orb.
     0 | D:1      | Reached XP level 1. HP: 16/16 MP: 1/1
   182 | D:1      | Reached XP level 2. HP: 17/22 MP: 2/2
   362 | D:1      | Found Fuaqizy's Antique Armour Boutique.
   755 | D:2      | Reached XP level 3. HP: 22/27 MP: 3/3
  1085 | D:2      | Reached skill level 5 in Ranged Weapons
  1087 | D:2      | Reached XP level 4. HP: 33/33 MP: 4/4
  1087 | D:2      | Noticed Jessica
  1089 | D:2      | Killed Jessica
  1093 | D:2      | Found an ancient bone altar of Kikubaaqudgha.
  1701 | D:3      | Found a burning altar of Makhleb.
  1704 | D:3      | Found an opulent altar of Gozag.
  1706 | D:3      | Found a shimmering altar of Xom.
  1762 | D:3      | Reached skill level 1 in Shapeshifting
  1762 | D:3      | Reached XP level 5. HP: 38/38 MP: 5/5
  1881 | D:3      | Found a stormy altar of Qazlal.
  1948 | D:3      | Found a glowing drain.
  1953 | Sewer    | Entered a sewer
  2232 | Sewer    | Noticed a kobold brigand
  2237 | Sewer    | Killed a kobold brigand
  2238 | Sewer    | Reached XP level 6. HP: 44/44 MP: 6/6
  2339 | Sewer    | Reached XP level 7. HP: 50/50 MP: 7/7
  2757 | D:3      | Found a faded altar of an unknown god.
  3137 | D:3      | Found Noitraal's Book Boutique.
  3856 | D:4      | Reached skill level 5 in Shapeshifting
  3856 | D:4      | Reached XP level 8. HP: 56/56 MP: 8/8
  3882 | D:4      | Found an ancient bone altar of Kikubaaqudgha.
  3940 | D:4      | Noticed Duvessa
  3940 | D:4      | Noticed Dowan
  3954 | D:4      | Killed Duvessa
  3959 | D:4      | Killed Dowan
  4471 | D:5      | Entered Level 5 of the Dungeon
  4548 | D:5      | Noticed Pikel
  4564 | D:4      | Killed Pikel
  4634 | D:5      | Found a staircase to the Ecumenical Temple.
  4644 | Temple   | Entered the Ecumenical Temple
  4655 | Temple   | Became a worshipper of Warmaster Okawaru
  4774 | D:5      | Reached XP level 9. HP: 61/61 MP: 9/9
  4992 | D:5      | Found a bloodstained altar of Trog.
  4997 | D:5      | Identified a scroll of acquirement
  4997 | D:5      | Acquired the +7 hand cannon "Mule" {flame, backblast, rF+}
  4997 | D:5      | Found the +7 hand cannon "Mule" {flame, backblast, rF+}
  5194 | D:6      | Reached * piety under Okawaru
  5441 | D:6      | Found a sparkling altar of Nemelex Xobeh.
  5541 | D:6      | Found a runed translucent door.
  5544 | D:6      | Noticed Crazy Yiuf
  5706 | D:6      | Found a snail-covered altar of Cheibriados.
  5895 | D:6      | Killed Crazy Yiuf
  6068 | D:6      | Reached ** piety under Okawaru
  6364 | D:7      | Reached XP level 10. HP: 67/67 MP: 10/10
  6493 | D:7      | Reached skill level 10 in Ranged Weapons
  6561 | D:7      | Found a white marble altar of Elyvilon.
  7063 | D:7      | Reached *** piety under Okawaru
  7064 | D:7      | Reached skill level 5 in Dodging
  7683 | D:9      | Noticed a two-headed ogre
  7686 | D:9      | Killed a two-headed ogre
  7686 | D:9      | Reached **** piety under Okawaru
  8233 | D:9      | Found a radiant altar of Vehumet.
  8269 | D:9      | Found a sacrificial altar of Ru.
  8467 | D:10     | Entered Level 10 of the Dungeon
  8471 | D:10     | Reached XP level 11. HP: 72/72 MP: 11/11
  8604 | D:10     | Found a staircase to the Orcish Mines.
  8700 | D:10     | Reached ***** piety under Okawaru
  8908 | D:10     | Received a gift from Okawaru
  8924 | D:10     | Noticed a two-headed ogre
  8928 | D:10     | Killed a two-headed ogre
  9199 | D:10     | Noticed a boulder beetle
  9206 | D:10     | Killed a boulder beetle
  9206 | D:10     | Received a gift from Okawaru
  9322 | D:10     | Found a staircase to the Lair.
  9662 | Lair:1   | Entered Level 1 of the Lair of Beasts
  9686 | Lair:1   | Reached XP level 12. HP: 78/78 MP: 12/12
  9853 | Lair:1   | Noticed Gladio's ghost (journeyman DsFi)
  9881 | Lair:1   | Found a runed translucent gate.
  9881 | Lair:1   | Found a runed translucent gate.
  9881 | Lair:1   | Found a runed translucent gate.
  9970 | Lair:1   | Received a gift from Okawaru
  9992 | Lair:1   | Reached ****** piety under Okawaru
  9993 | Lair:1   | Acquired the +6 hand cannon "Acodezoc" {penet, *Corrode rC+
                  | Int+5}
  9993 | Lair:1   | Received a gift from Okawaru
  9994 | Lair:1   | Acquired the +0 pair of gloves of the Farmer {*Slow rC+++
                  | Will++ Str-4}
  9994 | Lair:1   | Received a gift from Okawaru
 10749 | Lair:2   | Found a gate leading to a gauntlet.
 10758 | Gauntlet | Entered a Gauntlet
 10758 | Gauntlet | Found a transporter.
 10758 | Gauntlet | Found a transporter.
 10784 | Gauntlet | Found a transporter.
 10784 | Gauntlet | Found a transporter.
 10800 | Gauntlet | Found a transporter.
 10808 | Gauntlet | Noticed a balrug
 10810 | Gauntlet | Found a transporter.
 10810 | Gauntlet | Found a transporter.
 10814 | Gauntlet | Found a transporter.
 10841 | Gauntlet | Found a transporter.
 10848 | Gauntlet | Found a transporter.
 10866 | Gauntlet | Found a transporter.
 10912 | Gauntlet | Found a transporter.
 10928 | Gauntlet | Found a transporter.
 11015 | Gauntlet | Found a transporter.
 11029 | Gauntlet | Found a transporter.
 11047 | Gauntlet | Found a transporter.
 11138 | Gauntlet | Received a gift from Okawaru
 11139 | Gauntlet | Reached skill level 15 in Ranged Weapons
 11203 | Gauntlet | Acquired the +4 hand cannon of the Jester {speed, rPois
                  | Will+ Str+3}
 11246 | Gauntlet | Killed a balrug
 11343 | Gauntlet | Identified the ring "Sigenekk" {*Slow rElec rPois Will+
                  | Str+4}
 11355 | Gauntlet | Reached XP level 13. HP: 83/83 MP: 13/13
 11390 | Gauntlet | Noticed a minotaur
 11398 | Gauntlet | Killed a minotaur
 11564 | Lair:2   | Reached skill level 10 in Dodging
 11665 | Lair:2   | Reached XP level 14. HP: 90/90 MP: 14/14
 11665 | Lair:2   | Acquired a geosamoflange Ver.38 {AutoDazzle, rElec rPois
                  | rCorr}
 11926 | Lair:2   | Found a blossoming altar of Fedhas.
 12018 | Lair:2   | Found a staircase to the Shoals.
 12151 | Lair:2   | Found a staircase to the Snake Pit.
 12527 | Lair:3   | Received a gift from Okawaru
 12650 | Lair:3   | Reached skill level 1 in Invocations
 12822 | Lair:3   | Identified the +1 robe of Dramatic Exits {Fly rElec rPois
                  | Int+3}
 12850 | Lair:3   | Found a transporter.
 12851 | Lair:3   | Noticed Mustrin's ghost (adept OpCA)
 12883 | Lair:3   | Found a transporter.
 12900 | Lair:3   | Noticed Snorg
 12908 | Lair:3   | Killed Snorg
 12926 | Lair:3   | Received a gift from Okawaru
 13393 | Lair:4   | Acquired 694 gold pieces
 13620 | Lair:4   | Found a staircase to the Slime Pits.
 13620 | Lair:4   | Found a viscous altar of Jiyva.
 14074 | Lair:5   | Entered Level 5 of the Lair of Beasts
 14969 | Lair:5   | Received a gift from Okawaru
 15039 | Lair:5   | Reached XP level 15. HP: 95/95 MP: 18/18
 15039 | Lair:5   | Reached XP level 16. HP: 101/101 MP: 18/21
 15308 | Lair:5   | Found a burning altar of Makhleb.
 15453 | Lair:5   | Found a gateway to Hell.
 15626 | Lair:5   | Received a gift from Okawaru
 15687 | Lair:5   | Identified the +0 trident of Zyepp {flame, Int+3}
 16235 | Orc:1    | Entered Level 1 of the Orcish Mines
 16239 | Orc:2    | Entered Level 2 of the Orcish Mines
 16435 | Orc:1    | You fall into a shaft and drop 1 floor!
 16435 | Orc:2    | Found Xurolic's Magic Scroll Emporium.
 16501 | Orc:1    | Found a frozen archway.
 16521 | IceCv    | Entered an ice cave
 16614 | IceCv    | Received a gift from Okawaru
 17357 | Orc:1    | Found a runed translucent door.
 17359 | Orc:1    | Noticed Pim's ghost (journeyman OpSu)
 17445 | Orc:1    | Killed Pim's ghost
 17446 | Orc:1    | Reached skill level 10 in Invocations
 17830 | Orc:2    | Received a gift from Okawaru
 18141 | Orc:2    | Found a staircase to the Elven Halls.
 18198 | Orc:2    | Identified the +6 long sword "Eghot" {freeze, Int+2 Stlth+}
 18269 | Orc:2    | Noticed Rupert
 18278 | Orc:2    | Killed Rupert
 18476 | Orc:2    | Found Mudooxac's Jewellery Shoppe.
 18482 | Orc:2    | Reached XP level 17. HP: 101/111 MP: 24/24
 18557 | Orc:2    | Found a roughly hewn altar of Beogh.
 18683 | Orc:2    | Bought a scroll of silence for 123 gold pieces
 18683 | Orc:2    | Bought a scroll of poison for 52 gold pieces
 18786 | Orc:2    | Reached skill level 5 in Fighting
 18799 | Orc:2    | Found a roughly hewn altar of Beogh.
 19173 | Orc:2    | Found Eqot's Weapon Boutique.
 19184 | Orc:2    | Found Bampih's Distillery.
 19203 | Orc:2    | Bought a potion of cancellation for 136 gold pieces
 19203 | Orc:2    | Bought a potion of degeneration for 17 gold pieces
 19203 | Orc:2    | Bought a potion of resistance for 170 gold pieces
 20251 | D:11     | Noticed Gastronok
 20264 | D:11     | Killed Gastronok
 20319 | D:11     | Found a shimmering blue altar of Sif Muna.
 20482 | D:12     | Received a gift from Okawaru
 20483 | D:12     | Reached skill level 15 in Dodging
 21499 | D:13     | Found the +2 pair of slick slippers {slick, slippery, EV+4}
 21842 | D:14     | Found a gate to the Vaults.
 21842 | D:14     | Noticed Josephine
 21850 | D:14     | Killed Josephine
 21972 | D:14     | Received a gift from Okawaru
 22478 | D:14     | Found a basalt altar of Yredelemnul.
 22619 | D:15     | Entered Level 15 of the Dungeon
 22669 | D:15     | Noticed Roxanne
 22681 | D:15     | Killed Roxanne
 22875 | D:15     | Found a staircase to the Depths.
 22894 | D:15     | Received a gift from Okawaru
 22895 | D:15     | Reached XP level 18. HP: 134/134 MP: 25/25
 23164 | D:15     | Reached skill level 10 in Fighting
 23241 | D:15     | Found a portal to a secret trove of treasure.
 23559 | Shoals:1 | Entered Level 1 of the Shoals
 23835 | Shoals:1 | Received a gift from Okawaru
 24699 | Shoals:2 | Found Joyli's Distillery.
 24714 | Shoals:2 | Bought a potion of heal wounds for 80 gold pieces
 24714 | Shoals:2 | Bought a potion of resistance for 160 gold pieces
 24714 | Shoals:2 | Bought a potion of heal wounds for 80 gold pieces
 25261 | Shoals:3 | Acquired the +1 helmet of the Gloaming {Dex+2}
 25550 | Shoals:3 | Found Vinky's General Store.
 25556 | Shoals:3 | Found Lyudiomo's Specific Store.
 25563 | Shoals:3 | Bought a scroll of acquirement for 728 gold pieces
 25563 | Shoals:3 | Bought a scroll of acquirement for 728 gold pieces
 25563 | Shoals:3 | Acquired a +3 triple crossbow of freezing
 25564 | Shoals:3 | Acquired the +2 pair of gloves of a wizard's laboratory
                  | {rF+ Dex+4}
 25656 | Shoals:3 | Noticed Ilsuiw
 25663 | Shoals:3 | Killed Ilsuiw
 25719 | Shoals:3 | Reached XP level 19. HP: 146/146 MP: 26/26
 25740 | Shoals:3 | Received a gift from Okawaru
 25922 | Shoals:4 | Entered Level 4 of the Shoals
 26242 | Shoals:4 | Identified the +4 ring mail "Fasio" {Dex+4}
 26277 | Shoals:4 | Received a gift from Okawaru
 26539 | Shoals:4 | Received a gift from Okawaru
 26580 | Shoals:4 | Got a barnacled rune of Zot
 26613 | Shoals:4 | Identified the +9 trident "Ziax Ymi" {drain, rC+ Str+3}
 26893 | Snake:1  | Entered Level 1 of the Snake Pit
 27717 | Snake:2  | Received a gift from Okawaru
 27925 | Snake:2  | Found Ovafra's Jewellery Shop.
 27925 | Snake:2  | Found Eseseqin's Book Shoppe.
 27926 | Snake:2  | Found Gothen's Jewellery Shop.
 28943 | Snake:3  | Reached XP level 20. HP: 154/157 MP: 27/27
 29060 | Snake:3  | Received a gift from Okawaru
 29477 | Snake:4  | Entered Level 4 of the Snake Pit
 29524 | Snake:4  | Received a gift from Okawaru
 30037 | Snake:4  | Received a gift from Okawaru
 30212 | Snake:4  | Identified the +0 robe of Autotheism {Dex+4}
 30307 | Snake:4  | Got the Verses on Caliginous Astrapomancy
 30327 | Snake:4  | Received a gift from Okawaru
 30336 | Snake:4  | Noticed Mara
 30344 | Snake:4  | Noticed Konar's illusion
 30348 | Snake:4  | Killed Mara
 30664 | Snake:4  | Got a serpentine rune of Zot
 31187 | Elf:1    | Entered Level 1 of the Elven Halls
 31196 | Elf:1    | Paralysed by an air elemental for 1 turns
 31475 | Elf:1    | Reached XP level 21. HP: 160/162 MP: 28/28
 31519 | Elf:1    | Got the Volume of Shades
 31615 | Elf:1    | Found a runed translucent door.
 31786 | Elf:1    | Reached skill level 15 in Fighting
 31951 | Elf:1    | Identified the +3 falchion "Juyvej" {flame, Str+4 Dex+4}
 31974 | Elf:1    | Found Huciybasuz's Weapon Emporium.
 32242 | Elf:1    | Received a gift from Okawaru
 32332 | Elf:2    | Identified the +2 leather armour of Ytuu {Regen+ Slay+2}
 32508 | Elf:2    | Found Xyfompol's Assorted Antiques.
 32517 | Elf:2    | Bought a potion of heal wounds for 130 gold pieces
 32716 | Elf:2    | Found a runed translucent gate.
 32716 | Elf:2    | Found a runed translucent gate.
 32717 | Elf:2    | Found a runed translucent gate.
 33089 | Elf:2    | Noticed Norris
 33098 | Elf:2    | Killed Norris
 33105 | Elf:2    | Received a gift from Okawaru
 33510 | Elf:3    | Entered Level 3 of the Elven Halls
 33510 | Elf:3    | Identified the serpent talisman of Cheibriados's Anger
                  | {rF++ rC- rN+}
 33510 | Elf:3    | Noticed Aizul
 33515 | Elf:3    | Killed Aizul
 33779 | Vaults:1 | Entered Level 1 of the Vaults
 34111 | Vaults:1 | Received a gift from Okawaru
 34554 | Vaults:1 | Reached XP level 22. HP: 86/179 MP: 24/29
 34759 | Vaults:1 | Found a roughly hewn altar of Beogh.
 35221 | Vaults:2 | Received a gift from Okawaru
 35282 | Vaults:2 | Found Zaplabo's Antique Armour Boutique.
 35378 | Vaults:2 | Identified the staff of Bouhavaepa {rElec rPois rCorr Str-3
                  | Conj}
 35721 | Vaults:2 | Found Ucepseg's Weapon Emporium.
 35735 | Vaults:2 | Received a gift from Okawaru
 36491 | Vaults:2 | Found a staircase to the Crypt.
 36771 | Vaults:3 | Noticed Xtahua
 36773 | Vaults:3 | Noticed Mennas
 36786 | Vaults:3 | Killed Xtahua
 36790 | Vaults:3 | Killed Mennas
 36995 | Vaults:3 | Identified the +7 broad axe of Nomot {drain, ^Fragile rC++
                  | Int+4}
 37012 | Vaults:3 | You fall into a shaft and drop 1 floor!
 37055 | Vaults:4 | Found a flickering gateway to a bazaar.
 37064 | Bazaar   | Entered a bazaar
 37069 | Bazaar   | Found Coskin's Magic Scroll Shoppe.
 37079 | Bazaar   | Found Jiedghodd's Assorted Antiques.
 37105 | Bazaar   | Found Owifraus's General Store.
 37116 | Bazaar   | Found Puetui's Antique Armour Shoppe.
 37123 | Bazaar   | Bought a glimmering leather armour for 196 gold pieces
 37123 | Bazaar   | Identified the +0 leather armour of the Turtle {Regen+
                  | Stlth+} (You bought it in a shop in a bazaar)
 37156 | Bazaar   | Bought a potion of resistance for 320 gold pieces
 37247 | Vaults:3 | Noticed Sojobo
 37276 | Vaults:3 | Killed Sojobo
 37619 | Vaults:3 | Received a gift from Okawaru
 38253 | Vaults:3 | Reached XP level 23. HP: 192/192 MP: 30/30
 38640 | Vaults:4 | Received a gift from Okawaru
 39322 | Vaults:4 | Received a gift from Okawaru
 39520 | Vaults:4 | Identified the ring of Tolam {rPois rF+ Str-3 Int+6}
 39980 | Depths:1 | Entered Level 1 of the Depths
 40024 | Depths:1 | Found a one-way gateway to a ziggurat.
 40157 | Depths:1 | Received a gift from Okawaru
 40397 | Depths:1 | Found Ladimix's Armour Boutique.
 40450 | Depths:1 | Found a broken altar of Ashenzari.
 41192 | Depths:2 | Received a gift from Okawaru
 41300 | Depths:2 | Found a one-way gate to the infinite horrors of the Abyss.
 41534 | Depths:2 | Reached XP level 24. HP: 160/208 MP: 30/30
 41797 | Depths:2 | Identified the +3 quarterstaff of Peace {flame, rElec rPois
                  | Stlth+}
 41827 | Depths:2 | Found a one-way gate leading to the halls of Pandemonium.
 42290 | Depths:2 | Noticed a juggernaut
 42296 | Depths:2 | Killed a juggernaut
 42533 | Depths:2 | Received a gift from Okawaru
 42572 | Depths:2 | Reached skill level 1 in Evocations
 43017 | Depths:3 | Reached skill level 5 in Evocations
 43022 | Depths:3 | Identified the orb of the Hidden Artisans {*channel, Regen+
                  | Int+2}
 43022 | Depths:3 | Noticed Frederick
 43032 | Depths:3 | Killed Frederick
 43057 | Depths:3 | Received a gift from Okawaru
 43595 | Depths:3 | Found a runed translucent door.
 43620 | Depths:3 | Noticed a juggernaut
 43627 | Depths:3 | Killed a juggernaut
 43635 | Depths:3 | Found the +10 dark maul {heavy}
 43637 | Depths:3 | Found a runed translucent door.
 43637 | Depths:3 | Found a runed translucent door.
 43647 | Depths:3 | Found a runed translucent door.
 43773 | Depths:4 | Entered Level 4 of the Depths
 43773 | Depths:4 | Found a transporter.
 44087 | Depths:4 | Identified the ring "Hoag" {rElec rF- rN+++ EV+5}
 44092 | Depths:4 | Noticed Parghit
 44124 | Depths:4 | Killed Parghit
 44397 | Depths:4 | Reached skill level 10 in Evocations
 44721 | Depths:4 | Received a gift from Okawaru
 44812 | Depths:4 | Identified the ring of Xom's Approval {Ice ^Drain rElec
                  | Str+6}
 44885 | Depths:4 | Found a gate to the Realm of Zot.
 44952 | Depths:4 | Reached XP level 25. HP: 217/217 MP: 30/30
 45117 | Depths:4 | Found Rufyleqy's Weapon Emporium.
 45179 | Depths:4 | Found Ilo Nag's Assorted Antiques.
 45179 | Depths:4 | Found a transporter.
 46194 | Elf:3    | Received a gift from Okawaru
 46356 | Elf:3    | Found a shimmering blue altar of Sif Muna.
 46604 | Elf:3    | Reached skill level 10 in Shapeshifting
 46666 | Elf:3    | Identified the +0 chain mail of the Poles {Str+3}
 47330 | Elf:3    | Reached skill level 15 in Evocations
 47417 | Elf:3    | Received a gift from Okawaru
 47462 | Elf:3    | Identified the +1 hand axe of Urgency {heavy, ^Contam rCorr
                  | Dex+3}
 47499 | Elf:3    | Identified the +4 spear of the Rattlesnake {venom, Fly rN+
                  | Str+3}
 47499 | Elf:3    | Identified the amulet "Narphe" {Acrobat rC++ Str+3 Int-4
                  | Dex-3}
 47629 | Elf:3    | Identified the +2 leather armour of Otoiklu {*Corrode rElec
                  | rN++ Str+4}
 47630 | Elf:3    | Identified the +4 chain mail "Gumaet" {Str+6}
 48101 | Crypt:1  | Entered Level 1 of the Crypt
 48992 | Crypt:1  | Found a runed translucent door.
 48993 | Crypt:1  | Noticed Gathuos's ghost (adept OpEE)
 49257 | Crypt:1  | Killed Gathuos's ghost
 49694 | Crypt:2  | Noticed a dread lich
 49699 | Crypt:2  | Killed a dread lich
 50018 | Crypt:2  | Received a gift from Okawaru
 50331 | Crypt:3  | Entered Level 3 of the Crypt
 50334 | Crypt:3  | Reached XP level 26. HP: 222/223 MP: 30/30
 51138 | Crypt:3  | Found a staircase to the Tomb.
 51138 | Crypt:3  | Noticed an ancient lich
 51146 | Crypt:3  | Killed an ancient lich
 51714 | Crypt:3  | Found an ancient bone altar of Kikubaaqudgha.
 51725 | Crypt:3  | Noticed a dread lich
 51734 | Crypt:3  | Killed a dread lich
 51734 | Crypt:3  | Received a gift from Okawaru
 51901 | Crypt:3  | Identified the staff of the Fifty Shrikes {Air Earth}
 52376 | Vaults:5 | Entered Level 5 of the Vaults
 52761 | Vaults:5 | Identified the +9 halberd of Ycwax {chaos, Will- Str+6
                  | Int+4}
 52860 | Vaults:5 | Received a gift from Okawaru
 53183 | Vaults:5 | Identified the +9 morningstar of Royalism {holy, rN+ Str-4
                  | Dex+4}
 53183 | Vaults:5 | Identified the ring "Deplaas" {*Corrode Will+ Str-2 Int+6
                  | Dex+4}
 53329 | Vaults:5 | Identified the +6 longbow of Miqy {antimagic, ^Fragile
                  | rElec rCorr}
 53329 | Vaults:5 | Identified the ring "Fihos" {rN+ rCorr Dex+5 SInv}
 53481 | Vaults:5 | Received a gift from Okawaru
 53525 | Vaults:5 | Got a silver rune of Zot
 53551 | Vaults:5 | Identified the +4 spear of Blood-Lust {heavy, rPois rF+
                  | Will+}
 53555 | Vaults:5 | Identified the +0 robe of Hubris {rF+ Int+4}
 53562 | Vaults:5 | Identified the +1 cloak of Makhleb, Telling {rElec rF+
                  | Will- Str+3}
 53709 | Vaults:5 | Reached XP level 27. HP: 223/237 MP: 30/30
 53735 | Vaults:5 | Noticed an ancient lich
 53741 | Vaults:5 | Killed an ancient lich
 53859 | Vaults:5 | Identified the +8 shortbow of Rubbish {heavy, rElec Str-3
                  | SInv Stlth+}
 53879 | Vaults:5 | Got Kairgh's Encyclopedia of Arcane Combat
 54168 | Vaults:5 | Found Woirgh's Assorted Antiques.
 54175 | Vaults:5 | Bought a pair of encrusted gloves for 342 gold pieces
 54175 | Vaults:5 | Identified the +1 pair of gloves of Atanize {Str+3} (You
                  | bought it in a shop on level 5 of the Vaults)
 54529 | Lair:4   | Fell from the grace of Okawaru
 54529 | Lair:4   | Became a worshipper of Jiyva Jixaweno the Shapeless
 54819 | Depths:2 | Voluntarily entered the Abyss.
 54841 | Abyss:1  | Found a roughly hewn altar of Beogh.
 54853 | Abyss:1  | Found a roughly hewn altar of Beogh.
 54853 | Abyss:1  | Found a roughly hewn altar of Beogh.
 54890 | Abyss:1  | Reached * piety under Jiyva
 55074 | Abyss:1  | Reached ** piety under Jiyva
 55103 | Abyss:3  | Found a corrupted altar of Lugonu.
 55262 | Abyss:3  | Reached *** piety under Jiyva
 55289 | Abyss:3  | Found a corrupted altar of Lugonu.
 55406 | Abyss:3  | Got an abyssal rune of Zot
 55431 | Depths:2 | Escaped the Abyss
 55519 | Zot:1    | Entered Level 1 of the Realm of Zot
 55783 | Zot:1    | Gained mutation: Your movements are slightly less
                  | encumbered by armour. (ER -2) [Jiyva's grace]
 55783 | Zot:1    | Gained mutation: Your movements are less encumbered by
                  | armour. (ER -4) [Jiyva's grace]
 55783 | Zot:1    | Gained mutation: Your movements are significantly less
                  | encumbered by armour. (ER -6) [Jiyva's grace]
 55783 | Zot:1    | Gained mutation: You are covered in slimy tendrils that may
                  | disarm your opponents. [Jiyva's grace]
 56573 | Zot:1    | Reached **** piety under Jiyva
 57376 | Zot:2    | Found a stormy altar of Qazlal.
 57832 | Zot:2    | Gained mutation: You have a small jelly attached to you
                  | that may absorb projectiles. [Jiyva's grace]
 57832 | Zot:2    | Gained mutation: You have hidden genetic potential.
                  | [Jiyva's grace]
 57832 | Zot:2    | Gained mutation: You have great hidden genetic potential.
                  | [Jiyva's grace]
 57832 | Zot:2    | Gained mutation: Your mind is acute. (Int +4, Str/Dex -1)
                  | [Jiyva's grace]
 58378 | Zot:2    | Reached ***** piety under Jiyva
 59413 | Zot:4    | Noticed a juggernaut
 59434 | Zot:3    | Killed a juggernaut
 59770 | Zot:4    | Slain by a protean progenitor

Illustrated notes

Levels and vault maps discovered:
D:1:      psy_arrival_fountain, layout_basic, serial_shops, shop
D:2:      layout_basic, basic_altar, chequers_jeans, minmay_misc_feat_alley,
          minmay_randomly_rotated_circles, uniq_jessica
D:3:      layout_loops_corners, nicolae_qazlal_scattered_showers,
          grunt_temple_overflow_open, serial_shops, shop,
          lightli_sewer_entry_pipes, ebering_ecumenical_altar_box
D:4:      layout_basic, mainiacjoe_overflow_six_doors_small, uniq_duvessa
D:5:      layout_rooms, lemuel_coloured_pillars_altar,
          minmay_temple_entry_slanted, uniq_pikel
D:6:      layout_loops_ring, nemelex_xobeh_ov_fountains_minmay,
          chei_slow_surprise, grunt_ministairs_7, uniq_crazy_yiuf_cottage
D:7:      minmay_spotlight, layout_basic, nicolae_elyvilon_temple_path
D:8:      layout_gridville
D:9:      layout_basic, mainiacjoe_overflow_cross_hatched,
          nicolae_ru_the_path_less_chosen
D:10:     minmay_imperfect_grid, layout_basic, david_lair_generic, david_orc_3,
          due_unseen_surprise
D:11:     layout_basic, kennysheep_orc_sif_temple, uniq_gastronok
D:12:     layout_rooms, nrook_pool_corridor
D:13:     layout_long_grid
D:14:     layout_loops_ring, hellmonk_vaults_attempted_burglary,
          yredelemnul_altar_generic, uniq_josephine
D:15:     gammafunk_depths_entry_grave, layout_basic, serial_bayou_ford_a,
          enter_trove_3, kennysheep_pointless_box, uniq_roxanne
Temple:   nicolae_temple_bog_church
Lair:1:   layout_regular_city, gammafunk_ghost_icy, grunt_megastairs_1
Lair:2:   layout_loops_ring, minmay_shoals_entry_hut,
          alex1729_snake_entry_snake, gauntlet_entry_generic, tgw_fedhas,
          lemuel_fruit_fields
Lair:3:   layout_misc_corridors, gammafunk_ghost_berserking_beasts,
          infiniplex_staircase_pool_2, grunt_megastairs_3, uniq_snorg
Lair:4:   layout_roguey, nicolae_slime_entry_slimehenge, lemuel_fruit_fields
Lair:5:   evil_forest, layout_hall_layers, lemuel_fruit_fields
Shoals:1: layout_shoals, nzn_prometheus_bound
Shoals:2: layout_shoals, serial_shops, shop, nicolae_shoals_elemental_ambush
Shoals:3: layout_shoals, nicolae_specific_store, nicolae_shoals_goliath_grotto,
          uniq_ilsuiw
Shoals:4: shoals_end_hellmonk_lost_city
Snake:1:  layout_onion, lemuel_fruit_tree
Snake:2:  layout_basic, nicolae_triple_integral, minmay_shop_grove
Snake:3:  layout_rooms, nicolae_snake_round_shape_thing
Snake:4:  grunt_snake_rune_spirals, layout_concentric_octagons, uniq_mara
Orc:1:    layout_caves, ebering_ghost_inner_flame, portal_ice_cave_entry_imps
Orc:2:    pubby_orc_utopia, uniq_rupert
Elf:1:    layout_loops_corners, serial_shops, shop, minmay_elf_necromancy,
          serial_library_hellmonk_reading_circle, nicolae_danse_macabre
Elf:2:    nicolae_elf_blades_splatter_lattice
          [nicolae_blade_entry_crossed_weapons], layout_geoelf_diagonals,
          serial_shops, shop, uniq_norris
Elf:3:    minmay_elf_hall_not_hex, layout_geoelf_octagon, basic_altar,
          minmay_elf_sorcery, uniq_aizul
Vaults:1: nicolae_vaults_theta, lightli_church_of_beogh, v_alt_pattern_1,
          nicolae_vaults_tetromino_Z_2, dpeg_vaults_monster_box,
          ontoclasm_vaults_ligature, serial_ice_h, nicolae_vaults_house_1,
          ontoclasm_vaults_shuriken, nicolae_vaults_little_squares_1,
          layout_vaults_omnigrid
Vaults:2: nicolae_vaults_trapezoid_lopsided_4, nicolae_vaults_murder_corner,
          nicolae_vaults_angled_halls, vaults_room_door_ring,
          nicolae_vaults_network_periphery, nicolae_vaults_wrenched,
          vaults_dpeg_diagonal, nicolae_vaults_puzzle_piece,
          minmay_crypt_entry_simple_walls, hangedman_vaults_locks,
          vaults_dpeg_hooks, nicolae_vaults_taking_the_gang_shopping,
          ontoclasm_vaults_loading_screen, layout_vaults_omnicross,
          serial_shops, shop
Vaults:3: v_rooms_2, nicolae_vaults_triangles, nicolae_vaults_puzzle_piece,
          hangedman_vaults_trim, v_misc_30, v_misc_2, ontoclasm_vaults_gallery,
          vaults_room_large_hall, v_misc_14, nicolae_vaults_little_squares_1,
          nicolae_vaults_trapezoid_lopsided_1, nicolae_vaults_little_ls,
          nicolae_vaults_layer_cake_slice, nicolae_vaults_storage_room_water,
          layout_vaults_omnibox, uniq_sojobo, uniq_mennas, uniq_xtahua
Vaults:4: v_misc_3, nicolae_vaults_tetromino_T_1,
          nicolae_vaults_little_squares_4, vaults_room_fancy_cross,
          vaults_mumra_minichess_inversion, nicolae_vaults_little_squares_4,
          nicolae_vaults_closet_pinwheel_2, vaults_room_guarded_vault,
          ontoclasm_vaults_misaligned, nicolae_vaults_storage_closets_1,
          ontoclasm_vaults_eye, nicolae_vaults_alarming,
          nicolae_vaults_diamond_2, layout_vaults_chaotic_city, serial_shops,
          bzr_entry_islet
Vaults:5
Crypt:1:  layout_gridlike, ebering_ghost_reflecting_pool, feat_on_display
Crypt:2:  layout_gridlike
Crypt:3:  quadcrypt_mu
Depths:1: layout_roguey, enter_ziggurat_f, pf_hell_entry_great_geh,
          ashenzari_altar_1, serial_sigils_hangedman_scratch,
          kennysheep_just_a_vault, minmay_shop_star
Depths:2: minmay_isolated_rectangles_in_corner, layout_gridlike,
          nicolae_eternal_life, hell_entry,
          regret_index_abyss_entry_already_here, grunt_pan_entry_zigzag,
          nrook_loot_triangle, infiniplex_staircase_river
Depths:3: impenetrable_vault, layout_cave_pools, lightli_too_deep,
          minmay_door_square, abyss_entry, infiniplex_staircase_pool_1,
          uniq_frederick
Depths:4: hangedman_spin_cycle, hell_entry, uniq_parghit
Zot:1:    lemuel_draconian_sentries, layout_cathedral_of_symmetry
Zot:2:    layout_gridville, regret_index_zotdec_storm_pass, grunt_megastairs_5
Zot:3:    layout_cellular_growth
Zot:4:    ebering_greatest_show_in_zot, layout_gridlike,
          regret_index_zotdec_magical_s, st_large_dragon_hoard_3

Skill      XL: |  1  2  3  4  5  6  7  8  9 10 11 12 13 14 15 16 17 18 19 20 21 22 23 24 25 26 27 |
---------------+----------------------------------------------------------------------------------+-----
Ranged Weapons | 4 5 6 7 9 11 13 16 18 20 21 22 | 22.0
Shapeshifting  | 1 2 3 5 6 7 9 11 12 13 | 13.9
Dodging        | 4 6 8 9 10 11 14 16 17 18 20 21 22 23 25 | 25.0
Invocations    | 4 7 10 | 10.0
Fighting       | 4 9 12 13 14 16 18 21 22 23 25 | 25.6
Evocations     | 12 17 | 17.2
Stealth        | |  0.7

Action                     |  1- 3 |  4- 6 |  7- 9 | 10-12 | 13-15 | 16-18 | 19-21 | 22-24 | 25-27 || total
---------------------------+-------+-------+-------+-------+-------+-------+-------+-------+-------++-------
   Fire: Sling             |   116 |   202 |   354 |   270 |       |       |       |       |       ||   942
         Hand cannon       |       |       |    74 |   360 |   618 |  2610 |  2068 |  2382 |  3714 || 11826
 Invoke: Receive Weapon    |       |       |       |     1 |       |       |       |       |       ||     1
         Receive Armour    |       |       |       |     1 |       |       |       |       |       ||     1
         Heroism           |       |       |       |       |     2 |     7 |     7 |     8 |     6 ||    30
         Finesse           |       |       |       |       |       |     6 |     6 |     8 |     5 ||    25
         Oozemancy         |       |       |       |       |       |       |       |       |     1 ||     1
Ability: Invent Gizmo      |       |       |       |       |     1 |       |       |       |       ||     1
  Evoke: Wand              |       |       |       |       |       |       |     3 |       |     5 ||     8
    Use: Scroll            |       |    10 |    10 |     5 |     7 |     9 |       |     1 |    19 ||    61
         Potion            |       |       |     2 |     6 |     6 |       |       |     2 |    18 ||    34
 Armour: Leather armour    |     8 |    19 |    50 |    39 |    79 |    43 |       |       |       ||   238
         Skin              |       |       |    15 |       |     4 |       |       |       |       ||    19
         Robe              |       |       |       |       |       |    59 |    45 |    87 |   281 ||   472
         Ring mail         |       |       |       |       |       |       |    60 |       |       ||    60
  Dodge: Dodged            |     7 |    26 |    48 |    57 |    96 |   330 |   264 |   274 |   959 ||  2061
   Form: Beast             |       |     1 |       |       |       |       |       |       |       ||     1
                           |       |       |       |       |     1 |       |       |       |       ||     1

Table legend: (Time is in decaauts)
 A = Elapsed time spent in this place.
 B = Non-inter-level travel time spent in this place.
 C = Inter-level travel time spent in this place.
 D = Time resting spent in this place.
 E = Time spent auto-exploring this place.
 F = Levels seen in this place.
 G = Mean time per level.
                   A        B        C        D        E       F      G
               +--------+--------+--------+--------+--------+-----+--------+
         Total |  59265 |  51712 |   7553 |   2933 |  38925 |  57 | 1039.7 |
       Dungeon |  13496 |  11503 |   1993 |    593 |   9140 |  15 |  899.7 |
        Temple |     25 |      3 |     22 |      0 |      0 |   1 |   25.0 |
          Lair |   6168 |   5370 |    798 |    936 |   3594 |   5 | 1233.6 |
        Shoals |   3368 |   3040 |    328 |    293 |   2072 |   4 |  842.0 |
     Snake Pit |   4112 |   3705 |    407 |      0 |   3008 |   4 | 1028.0 |
  Orcish Mines |   3028 |   2430 |    598 |     95 |   1788 |   2 | 1514.0 |
   Elven Halls |   3982 |   3163 |    819 |      0 |   2489 |   3 | 1327.3 |
        Vaults |   8152 |   7266 |    886 |    267 |   5700 |   5 | 1630.4 |
         Crypt |   3982 |   3806 |    176 |      0 |   3237 |   3 | 1327.3 |
        Depths |   6130 |   5026 |   1104 |    145 |   3999 |   4 | 1532.5 |
           Zot |   3948 |   3530 |    418 |    286 |   2412 |   4 |  987.0 |
         Abyss |    586 |    586 |      0 |    115 |      4 |   3 |  195.3 |
        Bazaar |    112 |    112 |      0 |      0 |     52 |   1 |  112.0 |
         Sewer |    931 |    931 |      0 |    138 |    645 |   1 |  931.0 |
      Ice Cave |    576 |    576 |      0 |      0 |    380 |   1 |  576.0 |
      Gauntlet |    664 |    664 |      0 |     63 |    399 |   1 |  664.0 |
               +--------+--------+--------+--------+--------+-----+--------+

Top non-repeatable levels by time:
   Orc:2: 2465 daAuts
Depths:2: 2065 daAuts
Depths:4: 1932 daAuts
Vaults:4: 1804 daAuts
Vaults:2: 1784 daAuts
 Crypt:3: 1723 daAuts
  Lair:4: 1636 daAuts
Vaults:3: 1602 daAuts
   Zot:1: 1516 daAuts
Vaults:5: 1515 daAuts
    D:10: 1500 daAuts
  Lair:2: 1492 daAuts
   Elf:1: 1472 daAuts
Vaults:1: 1445 daAuts
 Snake:4: 1434 daAuts
